 Dungeon Crawl Stone Soup version 0.28.0 (webtiles) character file.

Game seed: 7361247787496759881

79 Colgate the Caller (level 4, 18/18 HPs)
             Began as a Felid Summoner on Feb 11, 2022.
             Quit the game on level 3 of the Dungeon.
             The game lasted 00:15:26 (3658 turns).

Colgate the Caller (Felid Summoner)                 Turns: 3658, Time: 00:15:26

Health: 18/18      AC:  1    Str:  4    XL:     4   Next: 17%
Magic:  9/9        EV: 17    Int: 19    God:
Gold:   125        SH:  0    Dex: 16    Spells: 0/8 levels left
                                        Lives:  0   Deaths: 1

rFire   . . .      SeeInvis +   (weapon unavailable)
rCold   . . .      Faith    .   (shield unavailable)
rNeg    . . .      Spirit   .   (armour unavailable)
rPois   +          Reflect  .   (helmet unavailable)
rElec   .          Harm     .   (cloak unavailable)
rCorr   .          Rampage  .   (gloves unavailable)
Will    .....                   (boots unavailable)
Stlth   ++........              d - amulet of the acrobat
HPRegen 0.06/turn               c - ring of poison resistance
MPRegen 0.11/turn               g - ring of flight

@: flying, quick
A: very small, claws 1, fangs 3, see invisible, speed 1, shaggy fur 1, stealthy
paws, no weapons or thrown items, no armour, multi-lived
a: no special abilities


You were on level 3 of the Dungeon.
You visited 1 branch of the dungeon, and saw 3 of its levels.

You collected 125 gold pieces.

Inventory:

Jewellery
 c - a ring of poison resistance (left paw)
 d - an amulet of the acrobat (around neck)
 g - a ring of flight (right paw)
Scrolls
 a - 4 scrolls of identify
 e - a scroll of fear {unknown}
 f - a scroll of teleportation {unknown}
Potions
 b - a potion of might


   Skills:
 - Level 2.6 Dodging
 - Level 2.6 Stealth
 - Level 2.7 Spellcasting
 + Level 1.7 Hexes
 - Level 6.0 Summonings


You couldn't memorise any spells.
You knew the following spells:

 Your Spells              Type           Power      Damage    Failure   Level
a - Summon Small Mammal   Summ           100%       N/A       1%          1
b - Call Imp              Summ           25%        N/A       1%          2
c - Call Canine Familiar  Summ           25%        N/A       4%          3
d - Summon Guardian Gole  Hex/Summ       17%        N/A       10%         3

Your spell library contained the following spells:

 Spells                   Type           Power      Damage    Failure   Level
 Summon Lightning Spire   Summ/Air       13%        N/A       41%         4


Dungeon Overview and Level Annotations

Branches:
Dungeon (3/15)

Altars:
Qazlal
Trog

Annotations:
D:3 Akaron's ghost, amateur OpEE; MacCMillion's ghost, amateur MiFi


Innate Abilities, Weirdness & Mutations

You have sharp claws.
You have razor-sharp teeth.
You have supernaturally acute eyesight. (SInv)
You cover ground quickly. (Speed+)
You are covered in fur. (AC +1)
Your paws help you pounce on unaware monsters.
You are incapable of wielding weapons or throwing items.
You cannot wear armour.
You gain extra lives every three experience levels.


Message History

MacCMillion's ghost hits your hound!
Your hound bites MacCMillion's ghost but does no damage.
Your hound completely misses MacCMillion's ghost.
MacCMillion's ghost hits your hound!!
Your hound dies!
Your hound's corpse disappears in a puff of smoke!
MacCMillion's ghost completely misses you.
You scratch MacCMillion's ghost.
MacCMillion's ghost is lightly damaged.
MacCMillion's ghost hits you!
Ouch! That really hurt!
You scratch MacCMillion's ghost but do no damage.
You bite MacCMillion's ghost.
MacCMillion's ghost is lightly damaged.
MacCMillion's ghost misses you.
You scratch MacCMillion's ghost but do no damage.
MacCMillion's ghost is lightly damaged.
MacCMillion's ghost completely misses you.
You scratch MacCMillion's ghost but do no damage.
MacCMillion's ghost is lightly damaged.
MacCMillion's ghost hits you.
You scratch MacCMillion's ghost but do no damage.
You bite MacCMillion's ghost, but do no damage.
MacCMillion's ghost is lightly damaged.
MacCMillion's ghost closely misses you.
You scratch MacCMillion's ghost but do no damage.
MacCMillion's ghost is lightly damaged.
MacCMillion's ghost hits you.
* * * LOW HITPOINT WARNING * * *
You scratch MacCMillion's ghost but do no damage.
You bite MacCMillion's ghost, but do no damage.
MacCMillion's ghost is lightly damaged.
MacCMillion's ghost closely misses you.
You scratch MacCMillion's ghost but do no damage.
MacCMillion's ghost is lightly damaged.
MacCMillion's ghost hits you.
You die...
You are now level 4!
You rejoin the land of the living...
Are you sure you want to abandon this character and quit the game? (Confirm with "yes".)

############## .............#
##################
########.....###..........#.....§
#..........#######.#.....§
#.....###..# #####.#..≈≈§§
#.....# #@.###.....'..≈.§§
#######.#####.#....###.'...≈.≈
####...)..........###.# #.#..≈.≈§
#.......##>.####.## #.###.#......
#.#####.##..# #.# #.....#...(..
#.# #.##..# #.####.###.#######
..# #.....# #.........)###.###
#.# #.###.# #.................
#.#####.# #.# #.####.###.###....


There were no monsters in sight!

Vanquished Creatures
  A goblin (D:1)
  A hobgoblin (D:1)
  A ball python (D:1)
3 creatures vanquished.

Vanquished Creatures (collateral kills)
  An orc wizard (D:3)
  6 adders
  2 dart slugs
  4 orcs (D:3)
  11 endoplasms
  2 giant cockroaches
  7 goblins
  7 hobgoblins
  3 jackals (D:2)
  4 kobolds
  2 quokkas
  5 ball pythons
  3 bats
  4 frilled lizards
  7 rats
68 creatures vanquished.

Grand Total: 71 creatures vanquished

Notes
Turn   | Place    | Note
-------+----------+-------------------------------------------
     0 | D:1      | Colgate the Felid Summoner began the quest for the Orb.
     0 | D:1      | Reached XP level 1. HP: 7/7 MP: 4/4
   401 | D:1      | Reached XP level 2. HP: 11/11 MP: 1/6
   409 | D:1      | Learned a level 2 spell: Call Imp
   771 | D:1      | Reached skill level 5 in Summonings
   923 | D:1      | Reached XP level 3. HP: 14/14 MP: 3/7
   927 | D:1      | Learned a level 3 spell: Call Canine Familiar
  1033 | D:1      | Found a faded altar of an unknown god.
  1860 | D:2      | Reached XP level 4. HP: 16/18 MP: 4/8
  2569 | D:3      | Reached skill level 6 in Summonings
  2602 | D:3      | Found a runed translucent gate.
  2602 | D:3      | Found a runed translucent gate.
  2602 | D:3      | Found a runed translucent gate.
  2606 | D:3      | Noticed Akaron's ghost (amateur OpEE)
  2606 | D:3      | Noticed MacCMillion's ghost (amateur MiFi)
  2961 | D:3      | Reached XP level 5. HP: 21/21 MP: 6/10
  2965 | D:3      | Learned a level 3 spell: Summon Guardian Golem
  3006 | D:3      | Found a stormy altar of Qazlal.
  3133 | D:3      | Reached skill level 1 in Hexes
  3185 | D:3      | Found a bloodstained altar of Trog.
  3657 | D:3      | Slain by MacCMillion's ghost
  3658 | D:3      | Reached XP level 4. HP: -1/18 MP: 2/9
  3658 | D:3      | Quit the game

Illustrated notes

Levels and vault maps discovered:
D:1:      scummos_arrival_hexagon, layout_rooms,
          ebering_ecumenical_altar_sacrificial
D:2:      layout_basic
D:3:      layout_loops_ring, overflow_temple_1_default, grunt_qazlal_sundering,
          gammafunk_ghost_cemetery, hangedman_decor_peaks_small,
          nicolae_concentric_dashed_squares_wild, kennysheep_generic_room_4

Skill      XL: |  1  2  3  4  5 |
---------------+----------------+-----
Summonings     | 5 6 |  6.0
Hexes          | 1 |  1.7
Dodging        | |  2.6
Stealth        | |  2.6
Spellcasting   | |  2.7

Action                   |  1- 3 |  4- 6 || total
-------------------------+-------+-------++-------
Melee: Unarmed           |     7 |     9 ||    16
       Bite              |     1 |     3 ||     4
 Cast: Summon Small Mamm |    16 |       ||    16
       Call Imp          |    21 |     3 ||    24
       Call Canine Famil |     7 |    18 ||    25
  Use: Scroll            |       |     1 ||     1
 Stab: Distracted        |     1 |       ||     1
       Sleeping          |       |     1 ||     1
Armor: Skin              |     2 |       ||     2
Dodge: Dodged            |    27 |    13 ||    40
